Map: Prion Terraces

Players

Scott

  • Race: Terran Terran
  • League: Diamond

TYTY - Winner!

  • Race: Terran Terran
  • League: Platinum

VOD

Have the link to the VOD?

Description

Ty's NA Server account

Time

  • Played on: May 5, 2016, noon
  • Length: 3:47
Show
View Real Time Build Order
Export as new Build Order

Scott Terran 

Build Orders:  

Get SALT Encoding   

  12  0:02  SCV  
  13  0:14  SCV  
  14  0:17  Supply Depot  
  14  0:26  SCV  
  15  0:39  SCV  
  15  0:41  Barracks  
  16  0:48  Refinery  
  16  0:51  SCV  
  17  0:59  Refinery  
  17  1:03  SCV  
  18  1:10  Supply Depot  
  18  1:15  SCV  
  19  1:34  Reaper  
  19  1:37  Orbital Command  
  20  1:55  Factory  
  20  1:57  Engineering Bay  
  20  2:06  Barracks Reactor  
  20  2:08  SCV  
  20  2:30  SCV  
  21  2:40  Hellion  
  21  2:42  Marine x2  
  24  2:56  SCV  
  17  3:13  Marine x2  
  17  3:14  Hellion  
Show
View Real Time Build Order
Export as new Build Order

TYTY Terran - Winner!

Build Orders:  

Get SALT Encoding   

  12  0:00  SCV  
  13  0:13  SCV  
  14  0:17  Supply Depot  
  14  0:25  SCV  
  15  0:39  SCV  
  15  0:41  Barracks  
  16  0:45  Refinery  
  16  1:02  Barracks  
  16  1:11  Barracks  
  16  1:19  Refinery  
  16  1:23  SCV  
  17  1:30  Reaper  
  18  1:36  SCV  
  19  1:50  Supply Depot  
  19  1:51  Reaper  
  20  1:59  Reaper  
  21  2:03  SCV  
  21  2:07  Reaper  
  23  2:23  Reaper  
  24  2:31  Reaper  
  24  2:35  Orbital Command  
  25  2:39  Reaper  
  26  2:44  Supply Depot  
  26  2:55  Reaper  
  27  3:03  Reaper  
  28  3:11  Reaper  
  27  3:21  SCV  
  27  3:24  Supply Depot  
  28  3:33  SCV  
Tags
 
Add a new tag
Caveats
  • Supply blocks, unpowered buildings, or Contaminate may cause inaccurate times.
  • Supply counts are checked every 10 seconds.